 Dungeon Crawl Stone Soup version 0.31.0-9-g3a7656b989 (webtiles) character file.

Game seed: 16755141683911211780

543 qw the Skirmisher (level 7, -2/40 HPs)
             Began as a Deep Elf Hunter on Feb 2, 2024.
             Incinerated by a bombardier beetle (4 damage)
             ... with a burning spray
             ... on level 5 of the Dungeon.
             The game lasted 00:00:17 (3276 turns).

qw the Skirmisher (Deep Elf Hunter)                 Turns: 3276, Time: 00:00:18

Health: -2/40      AC:  8    Str:  9 (12) XL:     7   Next: 6%
Magic:  9/9        EV: 11    Int: 12 (14) God:
Gold:   195        SH:  0    Dex: 17 (18) Spells: 6/6 levels left

rFire   . . .        a - +1 shortbow
rCold   . . .        (shield currently unavailable)
rNeg    . . .        i - +2 ring mail
rPois   +            k - +0 helmet
rElec   .            (no cloak)
rCorr   .            (no gloves)
SInv    .            (no boots)
Will    .....        j - amulet of regeneration
Stlth   +            g - ring of poison resistance
HPRegen 1.06/turn    e - +2 ring of strength
MPRegen 0.11/turn

%: no passive effects
@: on fire, glowing
A: no striking features
a: no special abilities


You were on level 5 of the Dungeon.
You visited 1 branch of the dungeon, and saw 5 of its levels.

You collected 225 gold pieces.
You spent 30 gold pieces at shops.


   Skills:
 - Level 2.2 Fighting
 + Level 10.3 Ranged Weapons
 - Level 1.0 Armour
 - Level 3.4 Dodging
 - Level 1.2 Stealth


You had 6 spell levels left.
You didn't know any spells.
Your spell library was empty.

Inventory:

Hand Weapons
 a - a +1 shortbow (weapon)
Armour
 i - a +2 ring mail (worn)
 k - a +0 helmet (worn)
Jewellery
 e - a +2 ring of strength (right hand)
 g - a ring of poison resistance (left hand)
 j - an amulet of regeneration (around neck)
Wands
 s - a wand of polymorph (9)
Scrolls
 l - 2 scrolls of teleportation
Potions
 b - a potion of heal wounds
 c - a potion of mutation
 d - a potion of attraction {unknown}
 h - 2 potions of might
 n - a potion of enlightenment {unknown}
 o - a potion of magic {unknown}
 p - a potion of curing {unknown}
 r - a potion of ambrosia {unknown}
 u - a potion of haste {unknown}

Dungeon Overview and Level Annotations

Branches:
Dungeon (5/15)
 Temple: D:4-7

Altars:
Ashenzari
Fedhas
Gozag

Shops:
D:2 ==

Annotations:
D:3 1 runed translucent door, Crazy Yiuf


Message History

You shoot an arrow.
The arrow hits the bombardier beetle but does no damage.
The bombardier beetle is heavily wounded.
The bombardier beetle bites you but does no damage.
You shoot an arrow. The arrow hits the bombardier beetle.
The bombardier beetle is severely wounded.
You shoot an arrow.
The arrow barely misses the bombardier beetle.
The bombardier beetle sprays incendiary fluid at you.
The burning spray hits you.
You are covered in liquid fire!
You shoot an arrow. The arrow hits the bombardier beetle!
You kill the bombardier beetle!
The liquid fire burns you!
You have reached level 7!
You are on fire!
The liquid fire burns you!
You are on fire!
The liquid fire burns you!
You are on fire!
The liquid fire burns you!
You are on fire!
The liquid fire burns you!
You are on fire!
The liquid fire burns you!
You are on fire!
The liquid fire burns you!
You are on fire!
The liquid fire burns you!
You are on fire!
The liquid fire burns you!
You are on fire!
The liquid fire burns you!
You are on fire!
The liquid fire burns you!
You are on fire!
The liquid fire burns you!
You are on fire!
The liquid fire burns you!
You die...

#. #. ..#### #
###....# ##.
#.#......#....
#.............
#.............
#.....@.......
#.............
#.............
#.............
#.............
##............
.......##..!)
.###...## ####


There were no monsters in sight!

Vanquished Creatures
  A bullfrog (D:4)
  A bombardier beetle (D:5)
  3 orc priests (D:3)
  A sleepcap (D:4)
  2 orc wizards (D:3)
  Robin (D:3)
  4 gnolls (D:3)
  11 adders
  2 dart slugs
  4 ribbon worms
  12 orcs
  4 bats
  11 endoplasms
  5 giant cockroaches
  13 goblins
  7 hobgoblins
  2 jackals (D:3)
  2 quokkas
  5 ball pythons
  2 frilled lizards (D:1)
  8 kobolds
  10 rats
111 creatures vanquished.

Notes
Turn   | Place    | Note
-------+----------+-------------------------------------------
     0 | D:1      | qw the Deep Elf Hunter began the quest for the Orb.
     0 | D:1      | Reached XP level 1. HP: 12/12 MP: 3/3
     0 | D:1      | 0 ||| qw: Version: 0.3-a-155-g5e7d8dd
     0 | D:1      | 0 ||| qw: Game counter: 1625
     0 | D:1      | 0 ||| qw: Melee chars always use a shield: true
     0 | D:1      | 0 ||| qw: God list: Okawaru
     0 | D:1      | 0 ||| qw: Allow faded altars: false
     0 | D:1      | 0 ||| qw: Do Orc after clearing Dungeon:15 true
     0 | D:1      | 0 ||| qw: Do second Lair branch before Depths: true
     0 | D:1      | 0 ||| qw: Lair rune preference: random
     0 | D:1      | 0 ||| qw: Goals: Normal
     0 | D:1      | 0 ||| PLANNING D:1-11
    85 | D:1      | Reached skill level 6 in Ranged Weapons
    85 | D:1      | Reached XP level 2. HP: 16/16 MP: 4/4
   561 | D:1      | 561 ||| UPGRADING to +0 ring mail.
   571 | D:1      | 571 ||| DROPPING +0 leather armour.
   572 | D:1      | 572 ||| UPGRADING to ring of poison resistance.
   573 | D:1      | 573 ||| READING scroll labelled QIENAD JUKKYA.
   573 | D:1      | 573 ||| ENCHANTING +0 ring mail.
   574 | D:1      | 574 ||| READING 2 scrolls labelled ASHUOK OVU.
   574 | D:1      | 574 ||| IDENTIFYING bubbling dark potion
   575 | D:1      | 575 ||| READING scroll of identify.
   575 | D:1      | 575 ||| IDENTIFYING scroll labelled DAILIS XAECVIT
   576 | D:1      | 576 ||| DROPPING scroll of butterflies.
   577 | D:1      | 577 ||| DROPPING potion of brilliance.
   578 | D:1      | 578 ||| DROPPING scroll of fear.
   617 | D:2      | 617 ||| READING scroll of enchant armour.
   617 | D:2      | 617 ||| ENCHANTING +1 ring mail.
   732 | D:2      | Reached XP level 3. HP: 20/20 MP: 5/5
   861 | D:2      | Reached skill level 7 in Ranged Weapons
   912 | D:2      | Found the +7 great mace "Firestarter" {flame, immolate,
                  | rFlCloud rF++}
   993 | D:2      | Found Zeecseos's One-of-a-Kind Rings.
  1001 | D:2      | Reached XP level 4. HP: 23/25 MP: 6/6
  1012 | D:2      | 1012 ||| BUYING +2 ring of strength (30 gold).
  1012 | D:2      | Bought a +2 ring of strength for 30 gold pieces
  1012 | D:2      | 1012 ||| SHOPLISTING +3 ring of evasion (100 gold, have
                  | 54).
  1012 | D:2      | 1012 ||| SHOPLISTING +7 ring of slaying (1726 gold, have
                  | 54).
  1012 | D:2      | 1012 ||| SHOPLISTING ring "Dicam" {rElec rF- rN+ Will+
                  | rCorr} (368 gold, have 54).
  1012 | D:2      | 1012 ||| SHOPLISTING ring "Sarein" {Ice rElec rCorr} (446
                  | gold, have 54).
  1128 | D:2      | Found Hihaovuu's Jewellery Emporium.
  1137 | D:2      | 1137 ||| SHOPLISTING +4 ring of protection (360 gold, have
                  | 63).
  1137 | D:2      | 1137 ||| SHOPLISTING amulet "Ruenuycs" {RegenMP Dex+2} (412
                  | gold, have 63).
  1137 | D:2      | 1137 ||| SHOPLISTING amulet of faith (400 gold, have 63).
  1137 | D:2      | 1137 ||| SHOPLISTING amulet of guardian spirit (300 gold,
                  | have 63).
  1137 | D:2      | 1137 ||| SHOPLISTING amulet of regeneration (300 gold, have
                  | 63).
  1137 | D:2      | 1137 ||| SHOPLISTING ring of fire (250 gold, have 63).
  1137 | D:2      | 1137 ||| SHOPLISTING ring of resist corrosion (200 gold,
                  | have 63).
  1137 | D:2      | 1137 ||| SHOPLISTING ring of willpower (250 gold, have 63).
  1275 | D:2      | 1275 ||| UPGRADING to +2 ring of strength.
  1276 | D:2      | 1276 ||| READING scroll of identify.
  1276 | D:2      | 1276 ||| IDENTIFYING pink potion
  1277 | D:2      | 1277 ||| READING scroll labelled QUUSKAXTO.
  1282 | D:2      | 1282 ||| DROPPING potion of invisibility.
  1408 | D:3      | Reached skill level 8 in Ranged Weapons
  1457 | D:3      | 1457 ||| RETREEEEATING.
  1458 | D:3      | 1458 ||| RETREEEEATING.
  1461 | D:3      | Reached XP level 5. HP: 21/29 MP: 7/7
  1461 | D:3      | 1461 ||| FLEEEEING.
  1462 | D:3      | 1462 ||| FLEEEEING.
  1463 | D:3      | 1463 ||| FLEEEEING.
  1464 | D:3      | 1464 ||| FLEEEEING.
  1465 | D:3      | 1465 ||| FLEEEEING.
  1466 | D:3      | 1466 ||| FLEEEEING.
  1467 | D:3      | 1467 ||| STAIRDANCE
  1494 | D:2      | 1494 ||| UPGRADING to amulet of regeneration.
  1499 | D:2      | 1499 ||| READING scroll labelled BUPNOU CORIKIC.
  1499 | D:2      | 1499 ||| ENCHANTING +0 shortbow.
  1579 | D:3      | 1579 ||| FLEEEEING.
  1616 | D:3      | Reached skill level 9 in Ranged Weapons
  1690 | D:3      | Noticed Robin
  1692 | D:3      | 1692 ||| FLEEEEING.
  1693 | D:3      | 1693 ||| FLEEEEING.
  1706 | D:3      | Reached skill level 3 in Dodging
  1706 | D:3      | Reached XP level 6. HP: 21/35 MP: 8/8
  1707 | D:3      | Killed Robin
  1712 | D:3      | HP: 7/35 [something/puff of flame (8)]
  1719 | D:3      | HP: 7/35 [something/magic dart (4)]
  1819 | D:3      | Found a faded altar of an unknown god.
  1961 | D:3      | Found a runed translucent door.
  1962 | D:3      | Noticed Crazy Yiuf
  2014 | D:3      | Found a blossoming altar of Fedhas.
  2018 | D:3      | Found a broken altar of Ashenzari.
  2020 | D:3      | Found an opulent altar of Gozag.
  2323 | D:3      | 2323 ||| UPGRADING to +0 helmet.
  2328 | D:3      | 2328 ||| READING scroll labelled PENAUCE KOETAANY.
  2329 | D:3      | 2329 ||| DRINKING 2 lumpy black potions.
  2359 | D:4      | 2359 ||| PLANNING SEWER
  3051 | D:4      | 3051 ||| RIP SEWER
  3052 | D:4      | 3052 ||| PLANNING D:1-11
  3055 | D:4      | Reached skill level 10 in Ranged Weapons
  3218 | D:4      | 3218 ||| READING scroll of identify.
  3218 | D:4      | 3218 ||| IDENTIFYING fizzy emerald potion
  3219 | D:4      | 3219 ||| READING scroll labelled JUFIOSH COFF.
  3220 | D:4      | 3220 ||| READING scroll labelled ENAERCHO MUMIRA.
  3221 | D:4      | 3221 ||| DRINKING 2 emerald potions.
  3222 | D:4      | 3222 ||| DRINKING 2 cyan potions.
  3223 | D:4      | 3223 ||| DROPPING potion of degeneration.
  3242 | D:5      | Entered Level 5 of the Dungeon
  3246 | D:5      | 3246 ||| STAIRDANCE
  3254 | D:4      | Reached skill level 1 in Armour
  3265 | D:5      | Reached XP level 7. HP: 35/40 MP: 9/9
  3272 | D:5      | HP: 9/40 [burnt (4)]
  3274 | D:5      | HP: 4/40 [burnt (4)]
  3275 | D:5      | HP: 1/40 [burnt (4)]
  3276 | D:5      | Incinerated by a bombardier beetle

Levels and vault maps discovered:
D:1:      co_arrival_square_in_a_square_in_a_square, layout_basic
D:2:      layout_basic, serial_shops, nicolae_diamond_shop,
          nicolae_shop_unique_rings, bh_walls_and_bars
D:3:      layout_loops_cross, grunt_temple_overflow_open,
          basic_ecumenical_altar, uniq_robin, uniq_crazy_yiuf_cottage
D:4:      kb_forest_paths, layout_basic, portal_sewer_entry_b
D:5:      layout_rooms, minmay_temple_entry_junction, serial_shops,
          nicolae_shop_gaudy_bauble, shop, shop, dk_noncrumbling_4,
          feat_on_display

Skill      XL: |  1  2  3  4  5  6 |
---------------+-------------------+-----
Ranged Weapons | 6 7 8 9 10 | 10.3
Fighting       | 2 |  2.2
Dodging        | 3 |  3.4
Armour         | 1 |  1.0
Stealth        | |  1.2

Action                     |  1- 3 |  4- 6 |  7- 9 || total
---------------------------+-------+-------+-------++-------
   Fire: Shortbow          |   109 |   278 |       ||   387
    Use: Scroll            |     4 |     7 |       ||    11
         Potion            |       |     3 |       ||     3
 Armour: Leather armour    |     3 |       |       ||     3
         Ring mail         |    29 |    91 |       ||   120
  Dodge: Dodged            |    25 |    36 |       ||    61

Table legend:
 A = Non-vault XP
 B = Vault XP
 C = Vault XP percentage of total XP
 D = Non-vault monster count
 E = Vault monster count
 F = Vault count percentage of total count
                 A         B        C        D         E       F
            +---------+---------+-------+---------+---------+-------
      Total |     716 |      61 |   7.9 |      90 |      21 |  18.9
            +---------+---------+-------+---------+---------+-------
        D:1 |      24 |       0 |   0.0 |      14 |       0 |   0.0
        D:2 |      83 |       0 |   0.0 |      19 |       0 |   0.0
        D:3 |     353 |      31 |   8.1 |      37 |       9 |  19.6
        D:4 |     202 |      30 |  12.9 |      19 |      12 |  38.7
        D:5 |      54 |       0 |   0.0 |       1 |       0 |   0.0
            +---------+---------+-------+---------+---------+-------
